 Dungeon Crawl Stone Soup version 0.27.0-1-g7a089689b8 (webtiles) character file.

Game seed: 6756631271960497420

177 nicksoapdish the Poker (level 5, 0/72 HPs)
             Began as a Minotaur Monk on Aug 2, 2021.
             Succumbed to a scorpion's poison
             ... on level 4 of the Dungeon.
             The game lasted 00:09:56 (3090 turns).

nicksoapdish the Poker (Minotaur Monk)              Turns: 3090, Time: 00:09:57

Health: 0/72       AC: 22    Str: 23    XL:     5   Next: 31%
Magic:  1/4        EV:  2    Int:  7    God:
Gold:   95         SH:  0    Dex: 12    Spells: 4/4 levels left

rFire    . . .     SeeInvis .   a - +0 spear
rCold    . . .     Faith    .   (no shield)
rNeg     + + +     Spirit   +   (armour currently unavailable)
rPois    +         Reflect  .   (helmet currently unavailable)
rElec    .         Harm     .   (cloak currently unavailable)
rCorr    .         Rampage  .   (gloves currently unavailable)
Will     .....     NoTele   +   (boots currently unavailable)
Stlth    ++........             p - amulet of guardian spirit
HPRegen  0.22/turn              c - +6 ring of strength
MPRegen  0.09/turn              (no ring)

@: lethally poisoned (0 -> -2), tree-form
A: stationary, stasis, torment immunity, boosted hp, (horns 2), (retaliatory
headbutt)
a: no special abilities


You were on level 4 of the Dungeon.
You were a tree.
You visited 1 branch of the dungeon, and saw 4 of its levels.

You collected 95 gold pieces.

Inventory:

Hand Weapons
 a - a +0 spear (weapon)
 b - a +0 hunting sling
Missiles
 h - 87 stones (quivered)
Armour
 e - a scarf of invisibility (melded)
 g - a +0 robe (melded)
Jewellery
 c - a +6 ring of strength (left branch)
 p - an amulet of guardian spirit (around neck)
Wands
 j - a wand of flame (16)
 o - a wand of mindburst (8)
Scrolls
 i - a scroll of enchant armour {unknown}
 k - a scroll of enchant weapon {unknown}
 l - a scroll of immolation {unknown}
 q - a scroll of fog {unknown}
Potions
 d - a potion of flight
 f - a potion of berserk rage


   Skills:
 * Level 5.2 Fighting
 * Level 5.3 Polearms
 * Level 2.0 Armour
 + Level 3.8 Dodging
 - Level 1.5 Stealth


You had 4 spell levels left.
You didn't know any spells.
Your spell library contained the following spells:

 Spells                   Type           Power      Damage    Failure   Level
 Summon Small Mammal      Summ           0%         N/A       43%         1
 Ensorcelled Hibernation  Hex/Ice        0%         N/A       56%         2
 Call Canine Familiar     Summ           0%         N/A       80%         3
 Spider Form              Tmut/Pois      0%         N/A       80%         3
 Summon Guardian Golem    Hex/Summ       0%         N/A       80%         3
 Fulminant Prism          Conj/Hex       0%         3d6       99%         4
 Iskenderun's Mystic Bla  Conj/Tloc      0%         2d3       99%         4
 Alistair's Intoxication  Tmut/Pois      0%         N/A       100%        5
 Borgnjor's Vile Clutch   Necr/Erth      0%         N/A       100%        5
 Lee's Rapid Deconstruct  Erth           0%         3d5*      100%        5
 Eringya's Noxious Bog    Tmut/Pois      0%         N/A       100%        6
 Shadow Creatures         Summ           N/A        N/A       100%        6
 Chain Lightning          Conj/Air       0%         N/A       100%        9
 Fire Storm               Conj/Fire      0%         5d1       100%        9


Dungeon Overview and Level Annotations

Branches:
Dungeon (4/15)
 Temple: D:4-7

Altars:


Innate Abilities, Weirdness & Mutations

You are a tree.
Your roots penetrate the ground, keeping you stationary.
You cannot be teleported.
You are immune to unholy pain and torment.
Your maximum health is greatly increased.
Your equipment is partially melded.
((You have a pair of horns on your head.))
((You reflexively headbutt those who attack you in melee.))


Message History

You hit the scorpion.
The scorpion is heavily wounded.
You feel very sick.
The scorpion stings you but does no damage.
You hit the scorpion but do no damage.
The scorpion is heavily wounded.
You feel sick.
The scorpion stings you but does no damage.
You hit the scorpion but do no damage.
The scorpion is heavily wounded.
You feel sick. The scorpion stings you.
* * * LOW HITPOINT WARNING * * *
You closely miss the scorpion.
The scorpion is heavily wounded.
You feel sick.
The scorpion stings you but does no damage.
You barely miss the scorpion.
The scorpion is heavily wounded.
You feel sick.
The scorpion stings you but does no damage.
You barely miss the scorpion.
The scorpion is heavily wounded.
* * * LOW HITPOINT WARNING * * *
You feel sick.
The scorpion stings you but does no damage.
You hit the scorpion.
The scorpion is heavily wounded.
The scorpion stings you but does no damage.
You hit the scorpion but do no damage.
The scorpion is heavily wounded.
You feel sick. The scorpion stings you.
* * * LOW HITPOINT WARNING * * *
You hit the scorpion.
The scorpion is heavily wounded.
* * * LOW HITPOINT WARNING * * *
You feel sick.
The scorpion stings you but does no damage.
You closely miss the scorpion.
The scorpion is heavily wounded.
You die...

.. ## .. .######.........
................
...............# ######...#
#..((.....# #..##...#
##........# ####..#...#
##........# ..####......s♣#
##.........###
........####..###.............
.##..#### ##.#.....##....)...
## ##.....########).).
#.........# #.....
#....#..........##..
#.....######....# ##.
#...###.# ####. ## ..## #.# #.


You could see a scorpion.

Vanquished Creatures
  A hound (D:2)
  An orc wizard (D:3)
  4 adders
  An adder skeleton (D:4)
  A worm (D:2)
  3 dart slugs
  8 orcs
  8 bats
  4 endoplasms
  A giant cockroach (D:2)
  3 goblins
  3 hobgoblins
  5 jackals
  A quokka (D:2)
  8 ball pythons
  3 frilled lizards
  9 kobolds
  8 rats
72 creatures vanquished.

Notes
Turn   | Place    | Note
-------+----------+-------------------------------------------
     0 | D:1      | nicksoapdish the Minotaur Monk began the quest for the Orb.
     0 | D:1      | Reached XP level 1. HP: 19/19 MP: 0/0
    80 | D:1      | Reached XP level 2. HP: 23/27 MP: 1/1
   198 | D:1      | Found a faded altar of an unknown god.
   590 | D:2      | Reached skill level 1 in Armour
   590 | D:2      | Reached XP level 3. HP: 30/34 MP: 2/2
  1099 | D:2      | Reached XP level 4. HP: 18/41 MP: 3/3
  1757 | D:3      | Reached skill level 5 in Fighting
  1764 | D:3      | Reached skill level 5 in Polearms
  1774 | D:3      | HP: 2/42 [orc (6)]
  2050 | D:3      | Reached XP level 5. HP: 29/48 MP: 4/4
  3088 | D:4      | HP: 2/72 [scorpion (3)]
  3090 | D:4      | Succumbed to a scorpion's poison

Illustrated notes

Levels and vault maps discovered:
D:1:      minmay_arrival_nine_rooms, layout_basic,
          ebering_ecumenical_altar_hall, minmay_misc_feat_cross
D:2:      layout_basic
D:3:      layout_basic
D:4:      layout_layer_cave, portal_sewer_entry_d

Skill      XL: |  1  2  3  4  5 |
---------------+----------------+-----
Polearms       | 4 5 |  5.3
Fighting       | 4 5 |  5.2
Armour         | 1 2 |  2.0
Dodging        | |  3.8
Stealth        | |  1.5

Action                   |  1- 3 |  4- 6 || total
-------------------------+-------+-------++-------
Melee: Spear             |    60 |   120 ||   180
       Headbutt          |     9 |    18 ||    27
  Use: Scroll            |     3 |     3 ||     6
       Potion            |       |     3 ||     3
 Stab: Sleeping          |     6 |     3 ||     9
Armor: Robe              |     9 |    16 ||    25
       Skin              |       |     8 ||     8
Dodge: Dodged            |    24 |    55 ||    79
